Map: Battle on the Boardwalk LE

Players

Serral - Winner!

  • Race: Zerg Zerg
  • League: Grandmaster
  • Spawn Location: 11:00

Elazer

  • Race: Zerg Zerg
  • League: Master
  • Spawn Location: 1:00

Event: WESG Barcelona European Finals 2017

VOD

Have the link to the VOD?

Description

Time

  • Played on: Nov. 26, 2017, 8:37 a.m.
  • Length: 9:15

All games in this series

Show
View Real Time Build Order
Export as new Build Order

Serral Zerg - Winner!

Build Orders: Pool First 

Get SALT Encoding   

  12  0:00  Drone  
  13  0:12  Overlord  
  13  0:17  Drone  
  14  0:31  Drone x2  
  14  0:34  Drone  
  17  0:45  Spawning Pool  
  17  0:48  Drone  
  17  1:07  Hatchery  
  16  1:12  Extractor  
  16  1:13  Drone  
  16  1:16  Drone  
  17  1:20  Drone  
  18  1:31  Queen  
  20  1:34  Zergling x2  
  21  1:41  Overlord  
  21  1:50  Drone, Evolution Chamber  
  21  2:03  Drone  
  21  2:07  Queen  
  24  2:11  Drone  
  25  2:15  Zerg Missile Weapons Level 1  
  25  2:19  Drone  
  26  2:29  Drone  
  29  2:30  Drone  
  29  2:32  Queen  
  30  2:43  Roach Warren  
  29  2:48  Drone  
  29  2:50  Overlord  
  30  2:57  Overlord  
  30  3:24  Roach x6  
  42  3:28  Roach x2  
  46  3:36  Roach  
  46  3:38  Overlord  
  46  3:39  Drone  
  49  3:42  Drone  
  49  3:45  Drone  
  49  3:47  Drone  
  52  3:55  Drone  
  52  3:56  Drone x2  
  52  3:58  Drone  
  52  4:00  Drone  
  56  4:04  Roach  
  56  4:10  Roach x2  
  56  4:14  Extractor  
  56  4:15  Overlord  
  59  4:19  Drone  
  59  4:22  Overlord  
  60  4:36  Ravager  
  60  4:37  Drone  
  62  4:40  Drone  
  62  4:41  Drone  
  62  4:43  Drone x2  
  62  4:44  Drone  
  59  4:45  Drone x2  
  59  4:46  Extractor  
  59  4:49  Drone  
  59  4:51  Lair  
  56  4:54  Drone x3  
  56  4:55  Drone  
  54  5:03  Roach x2  
  58  5:12  Roach x2  
  62  5:17  Roach, Overlord  
  64  5:27  Drone, Hatchery  
  64  5:28  Drone  
  63  5:36  Roach x2  
  63  5:39  Spine Crawler  
  63  5:41  Roach  
  68  5:44  Roach  
  68  5:45  Roach  
  68  5:49  Roach x2  
  74  5:52  Roach  
  76  5:58  Roach  
  76  5:59  Roach  
  76  6:01  Ravager x2  
  82  6:06  Roach  
  82  6:07  Roach x3  
  80  6:15  Glial Reconstitution  
  80  6:16  Queen  
  80  6:18  Overlord  
  82  6:19  Extractor  
  82  6:20  Drone  
  82  6:26  Roach  
  82  6:27  Overseer  
  80  6:41  Drone x4  
  84  6:47  Queen  
  84  6:50  Roach x3  
  84  6:51  Roach  
  94  6:58  Roach x2  
  98  7:02  Overlord  
  98  7:06  Overlord  
  98  7:07  Overlord  
  98  7:18  Overlord  
  98  7:21  Drone x3  
  98  7:22  Drone  
  102  7:28  Drone x3  
  102  7:29  Drone  
  106  7:33  Drone x3  
  106  7:35  Ravager  
  110  7:37  Drone  
  110  7:40  Overlord  
  111  7:44  Extractor  
  111  7:48  Ravager x3  
  111  7:50  Roach x2  
  111  7:51  Roach  
  119  8:09  Roach  
  119  8:10  Roach x9  
  135  8:15  Overlord  
  135  8:19  Overlord  
  135  8:20  Roach  
  135  8:21  Overlord x2  
  135  8:24  Overlord  
  137  8:35  Roach x4  
  141  8:51  Roach  
  141  8:52  Roach x8  
Show
View Real Time Build Order
Export as new Build Order

Elazer Zerg 

Build Orders: 3 Hatch before Pool 

Get SALT Encoding   

  12  0:00  Drone  
  13  0:12  Overlord  
  13  0:17  Drone  
  14  0:30  Drone x2  
  14  0:34  Drone  
  17  0:51  Hatchery  
  17  0:53  Drone  
  17  0:57  Drone  
  18  1:18  Hatchery  
  17  1:20  Drone  
  17  1:22  Drone  
  19  1:26  Extractor  
  18  1:38  Spawning Pool  
  17  1:41  Drone  
  17  1:45  Drone  
  19  1:55  Overlord  
  19  2:08  Drone  
  20  2:17  Drone  
  21  2:24  Queen  
  21  2:25  Queen, Spine Crawler  
  21  2:28  Zergling x2  
  25  2:32  Drone  
  26  2:37  Metabolic Boost  
  26  2:41  Zergling x2  
  27  2:44  Drone  
  27  2:49  Drone  
  29  2:51  Drone  
  29  2:55  Drone  
  31  3:04  Drone, Baneling Nest  
  31  3:05  Drone  
  32  3:09  Drone x2  
  34  3:13  Overlord  
  34  3:17  Drone  
  35  3:21  Overlord  
  35  3:23  Drone  
  35  3:25  Zergling x2  
  36  3:35  Drone  
  36  3:36  Drone  
  36  3:37  Zergling x10  
  43  3:44  Overlord  
  43  3:46  Zergling x6  
  43  3:48  Baneling x2  
  46  3:53  Zergling x4  
  48  3:57  Overlord  
  48  3:58  Zergling x2  
  48  3:59  Zergling x2  
  50  4:05  Drone x2  
  50  4:07  Roach Warren, Extractor  
  47  4:10  Zergling x2  
  47  4:11  Zergling x4  
  47  4:14  Zergling x4  
  51  4:17  Baneling  
  51  4:18  Zergling x4  
  51  4:20  Zergling x2  
  54  4:25  Zergling x4  
  50  4:39  Zergling x2  
  50  4:40  Zergling x2  
  46  4:46  Zergling x12  
  46  4:51  Queen  
  50  4:54  Roach x3  
  55  5:02  Overlord  
  55  5:04  Roach x2  
  59  5:11  Roach  
  59  5:12  Overlord  
  60  5:15  Roach  
  61  5:23  Zergling x4, Roach x2  
  61  5:27  Zergling x10  
  69  5:34  Baneling x2  
  69  5:35  Zergling x2  
  70  5:37  Overlord  
  70  5:40  Zergling x2  
  71  5:44  Zergling x2  
  71  5:51  Ravager  
  71  5:52  Zergling x10  
  71  5:55  Zergling x2  
  71  5:56  Zergling x2  
  78  5:59  Zergling x4  
  76  6:07  Roach x4  
  77  6:15  Drone x3  
  77  6:17  Overlord  
  80  6:18  Drone x2  
  80  6:19  Drone  
  80  6:22  Extractor  
  80  6:23  Drone x2, Evolution Chamber  
  77  6:26  Drone  
  76  6:34  Drone  
  76  6:36  Drone x2  
  76  6:37  Lair  
  76  6:38  Drone  
  74  6:40  Drone  
  74  6:41  Drone  
  74  6:42  Drone  
  74  6:43  Unknown  
  76  6:47  Overlord  
  76  6:54  Roach x2  
  80  6:57  Roach  
  80  6:58  Roach  
  84  7:02  Roach  
  84  7:03  Roach, Extractor  
  84  7:06  Overlord  
  87  7:10  Roach  
  87  7:11  Roach  
  87  7:13  Roach  
  87  7:15  Overlord  
  93  7:17  Roach  
  93  7:21  Roach x2  
  98  7:28  Drone x2  
  98  7:29  Overlord  
  100  7:33  Roach x4  
  108  7:39  Roach  
  108  7:40  Roach x2  
  114  7:47  Glial Reconstitution  
  114  7:48  Overlord  
  114  7:51  Roach  
  114  7:56  Roach x2  
  112  8:07  Roach x6  
  112  8:12  Zergling x10  
  125  8:17  Zergling x8  
  129  8:21  Overlord  
  129  8:22  Unknown  
  129  8:23  Zergling x4  
  129  8:26  Zergling x4  
  133  8:32  Ravager x3  
  133  8:33  Zergling x4  
  138  8:37  Overlord  
  138  8:45  Roach  
  138  8:46  Roach x4  
  134  8:50  Roach  
  134  8:51  Roach  
  134  8:53  Roach  
Tags
 
Add a new tag
Caveats
  • Supply blocks, unpowered buildings, or Contaminate may cause inaccurate times.
  • Supply counts are checked every 10 seconds.